 Dungeon Crawl Stone Soup version 0.29.1-13-g9f3cf754e1 (webtiles) character file.

Game seed: 9445759609657325605

38 Exodus22XD the Covered (level 3, 33/33 HPs)
             Began as a Minotaur Fighter on Feb 4, 2023.
             Was a Follower of Kikubaaqudgha.
             Quit the game on level 1 of the Dungeon.
             The game lasted 00:00:42 (981 turns).

Exodus22XD the Covered (Minotaur Fighter)            Turns: 981, Time: 00:00:43

Health: 33/33      AC:  7    Str: 22    XL:     3   Next: 25%
Magic:  2/2        EV:  9    Int:  5    God:    Kikubaaqudgha [*.....]
Gold:   37         SH:  4    Dex:  9    Spells: 2/2 levels left

rFire   . . .      SeeInvis .   a - +0 war axe
rCold   . . .      Faith    .   c - +0 buckler
rNeg    . . .      Spirit   .   b - +0 scale mail
rPois   .          Reflect  .   (helmet restricted)
rElec   .          Harm     .   (no cloak)
rCorr   .          Rampage  .   (no gloves)
Will    .....                   (no boots)
Stlth   ..........              (no amulet)
HPRegen 0.11/turn               (no ring)
MPRegen 0.08/turn               (no ring)

@: no status effects
A: horns 2, retaliatory headbutt
a: Renounce Religion, Unearth Wretches


You were on level 1 of the Dungeon.
You worshipped Kikubaaqudgha.
Kikubaaqudgha was aware of your devotion.
You visited 1 branch of the dungeon, and saw 1 of its levels.

You collected 37 gold pieces.

Inventory:

Hand Weapons
 a - a +0 war axe (weapon)
Armour
 b - a +0 scale mail (worn)
 c - a +0 buckler (worn)
Scrolls
 f - a scroll of vulnerability {unknown}
 g - a scroll of teleportation {unknown}
 i - a scroll of identify {unknown}
Potions
 d - a potion of might
 e - a potion of haste {unknown}
 h - a potion of curing {unknown}


   Skills:
 + Level 4.1 Fighting
 + Level 3.2 Axes
 + Level 4.1 Armour
 + Level 4.0 Shields


You had 2 spell levels left.
You didn't know any spells.
Your spell library contained the following spells:

 Spells                   Type           Power      Damage    Failure   Level
 Necrotise                Necr           0%         1d4       87%         1
 Vampiric Draining        Necr           0%         2d6       99%         3
 Anguish                  Hex/Necr       0%         N/A       100%        4
 Animate Dead             Necr           0%         N/A       100%        4


Dungeon Overview and Level Annotations

Branches:
Dungeon (1/15)

Altars:
Kikubaaqudgha


Innate Abilities, Weirdness & Mutations

You have a pair of horns on your head.
You reflexively headbutt those who attack you in melee.


Message History

The kobold throws a stone.
The stone hits you but does no damage.
A kobold is nearby!
The kobold throws a stone.
The stone hits you but does no damage.
A kobold is nearby!
Found 11 gold pieces.
A kobold is nearby!
You hit the kobold.
You kill the kobold!
Key pressed, stopping explore.
No target in view!
You now have 37 gold pieces (gained 11).
You enter the shallow water.
Moving in this stuff is going to be slow.
Key pressed, stopping explore.
No target in view!
You enter the shallow water.
Moving in this stuff is going to be slow.
Found a faded altar of an unknown god.
No target in view!
You enter the shallow water.
Moving in this stuff is going to be slow.
You see here a +0 dagger.
Key pressed, stopping explore.
No target in view!
No target in view!
Search for what [? for help]? alt You enter the shallow water.
Moving in this stuff is going to be slow.
You enter the shallow water.
Moving in this stuff is going to be slow.
There is a faded altar of an unknown god here.
There are no items here.
Okay, then.
You cannot tell which god this altar belongs to.
Convert to them anyway?
Kikubaaqudgha accepts your prayer! Kikubaaqudgha welcomes you!
You can now bring forth the wretched and dying.
Kikubaaqudgha grants you a gift!
You add the spells Necrotise, Vampiric Draining, Anguish and Animate Dead to your library.
Are you sure you want to abandon this character and quit the game? (Confirm with "yes".)

.....####..>..........##.#.......
####.#.P######..#####......##....
.....#P..PP###..#####......##....
##.#.#.~~~~~P####..........†.....
##...~~.P...~.PP#####....:.######
####.#PP.###.~PPP# #......# #
#.#P.##.###~~P# #......# #
#.#P##...####.# #......# #
#.###†...##.#@# #......# #
##...†...##.#8# #......#
######..##.### #......# #..##.#
######## #..##.# ##########.)##.#
...............# ##############.#
###


There were no monsters in sight!

Vanquished Creatures
  5 bats (D:1)
  2 endoplasms (D:1)
  A giant cockroach (D:1)
  3 goblins (D:1)
  5 hobgoblins (D:1)
  4 jackals (D:1)
  3 quokkas (D:1)
  3 frilled lizards (D:1)
  4 kobolds (D:1)
  2 rats (D:1)
32 creatures vanquished.

Notes
Turn   | Place    | Note
-------+----------+-------------------------------------------
     0 | D:1      | Exodus22XD the Minotaur Fighter began the quest for the
                  | Orb.
     0 | D:1      | Reached XP level 1. HP: 19/19 MP: 0/0
   161 | D:1      | Reached XP level 2. HP: 27/27 MP: 1/1
   557 | D:1      | Reached XP level 3. HP: 33/33 MP: 2/2
   867 | D:1      | Found a faded altar of an unknown god.
   980 | D:1      | Prayed at the altar of an unknown god.
   980 | D:1      | Became a worshipper of Kikubaaqudgha
   980 | D:1      | Reached * piety under Kikubaaqudgha
   980 | D:1      | Received a gift from Kikubaaqudgha
   981 | D:1      | Quit the game

Illustrated notes

Levels and vault maps discovered:
D:1:      scummos_arrival_hexagon, layout_basic,
          shapermc_ecumenical_altar_hornbeckon, minmay_unequal

Skill      XL: |  1  2 |
---------------+-------+-----
Fighting       | 4 |  4.1
Armour         | 4 |  4.1
Shields        | 4 |  4.0
Axes           | 3 |  3.2

Action                   || total
-------------------------++-------
Melee: War axe           ||    70
       Headbutt          ||     7
Armor: Scale mail        ||    44
Dodge: Dodged            ||    40
Block: Buckler           ||    12
